 Dungeon Crawl Stone Soup version 0.27.1-33-g824d729ab1 (webtiles) character file.

Game seed: 3037958365519083506

2565 McKennaii the Destroyer (level 9, -4/93 HPs)
             Began as a Demigod Conjurer on Dec 18, 2021.
             Killed from afar by a gargoyle (17 damage)
             ... with a stone arrow
             ... on level 7 of the Dungeon.
             The game lasted 00:07:51 (6968 turns).

McKennaii the Destroyer (Demigod Conjurer)          Turns: 6968, Time: 00:07:52

Health: -4/93      AC:  5    Str:  8    XL:     9   Next: 10%
Magic:  3/31       EV: 12    Int: 34    God:
Gold:   580        SH:  0    Dex: 12    Spells: 13/20 levels left

rFire    + . .     SeeInvis .   (no weapon)
rCold    + . .     Faith    .   (no shield)
rNeg     . . .     Spirit   .   l - +1 robe {rC+ rF+}
rPois    .         Reflect  .   c - +0 helmet
rElec    .         Harm     .   (no cloak)
rCorr    .         Rampage  .   v - +0 pair of gloves
Will     .....                  (no boots)
Stlth    ..........             (no amulet)
HPRegen  0.25/turn              b - ring of magical power
MPRegen  0.22/turn              i - ring of flight

@: berserking, flying, very slightly contaminated, hasted, studying Crossbows,
very quick
A: high mp 1, forlorn, hooves 1, clever 1, subdued magic 1
a: no special abilities


You were on level 7 of the Dungeon.
You visited 1 branch of the dungeon, and saw 7 of its levels.
You also visited: Ossuary.

You collected 580 gold pieces.

Inventory:

Hand Weapons
 k - a +2 scythe of freezing
Armour
 c - a +0 helmet (worn)
 l - a +1 robe of resistance (worn)
 v - a +0 pair of gloves (worn)
Jewellery
 b - a ring of magical power (left hand)
 d - a ring of resist corrosion
 i - a ring of flight (right hand)
 z - a +6 ring of strength
 E - a ring of protection from fire
 G - a ring of protection from cold
Wands
 F - a wand of polymorph (9)
Scrolls
 e - a scroll of fog {unknown}
 n - a scroll of amnesia {unknown}
 o - 4 scrolls of blinking {unknown}
 p - a scroll of summoning {unknown}
 q - 4 scrolls of teleportation {unknown}
 r - 3 scrolls of noise {unknown}
 u - 3 scrolls of holy word {unknown}
 w - a scroll of vulnerability {unknown}
 y - a scroll of immolation {unknown}
 A - 3 scrolls of brand weapon {unknown}
 C - 2 scrolls of identify {unknown}
Potions
 g - a potion of cancellation {unknown}
 h - a potion of degeneration {unknown}
 j - a potion of resistance {unknown}
 m - a potion of lignification {unknown}
 s - a potion of haste
 t - a potion of heal wounds {unknown}
 x - a potion of brilliance {unknown}
 B - 5 potions of curing
 D - 2 potions of experience {unknown}


   Skills:
 + Level 2.8 Dodging
 - Level 1.7 Stealth
 + Level 6.3 Spellcasting
 - Level 10.0 Conjurations


You had 13 spell levels left.
You knew the following spells:

 Your Spells              Type           Power      Damage    Failure   Level
a - Magic Dart            Conj           100%       1d8       1%          1
b - Searing Ray           Conj           100%       3d7       1%          2
c - Iskenderun's Mystic   Conj/Tloc      34%        2d8       3%          4

Your spell library contained the following spells:

 Spells                   Type           Power      Damage    Failure   Level
 Dazzling Flash           Conj/Hex       68%        N/A       1%          3
 Freeze                   Ice            32%        1d5       2%          1
 Fulminant Prism          Conj/Hex       17%        3d11      3%          4
 Hailstorm                Conj/Ice       34%        3d9       3%          4
 Frozen Ramparts          Ice            16%        1d3       10%         3


Dungeon Overview and Level Annotations

Branches:
Dungeon (7/15)             Temple (0/1) D:4         Ossuary (visited)

Shops:
D:2 (

Annotations:
D:4 2 transporters


Innate Abilities, Weirdness & Mutations

Your attributes grow dramatically as you level up.
You have an increased reservoir of magic. (+10% MP)
You shall have no god before yourself.
You have large cloven feet.
Your mind is acute. (Int +2)
Your spells are a little easier to cast, but a little less powerful.


Message History

Casting: Iskenderun's Mystic Blast (dangerous; 6% risk of failure)
Confirm with . or Enter, or press ? or * to list all spells.
You erupt in a blast of force!
The mystic blast hits the centaur skeleton!
The centaur skeleton is severely damaged.
The centaur skeleton is knocked back by the mystic blast.
The centaur skeleton slams into the rock wall!
The mystic blast hits the gargoyle but does no damage.
The gargoyle is moderately damaged.
The gargoyle hits you with a +1 flail of protection.
Casting: Iskenderun's Mystic Blast (dangerous; 6% risk of failure)
Confirm with . or Enter, or press ? or * to list all spells.
You erupt in a blast of force!
The mystic blast hits the gargoyle but does no damage.
The gargoyle is moderately damaged.
The mystic blast hits the centaur skeleton!
You destroy the centaur skeleton!
The gargoyle closely misses you.
Casting: Iskenderun's Mystic Blast (dangerous; 5% risk of failure)
Confirm with . or Enter, or press ? or * to list all spells.
You erupt in a blast of force!
The mystic blast hits the gargoyle but does no damage.
The gargoyle is moderately damaged.
The gargoyle hurls a stone arrow at you.
The stone arrow hits you!!
* * * LOW HITPOINT WARNING * * *
Unknown command.
It was a potion of haste.
You feel yourself speed up. The gargoyle misses you.
It was a potion of curing.
You feel better. The gargoyle barely misses you.
It was a potion of mutation.
You feel extremely strange.
Your feet thicken and deform.
Your connection to magic feels subdued.
You feel clever.
It was a potion of berserk rage.
A red film seems to cover your vision as you go berserk!
You feel yourself moving faster!
You feel mighty!
The gargoyle hits you but does no damage.
You feel a strong urge to attack something.
The gargoyle hurls a stone arrow at you.
The stone arrow hits you!
You die...

. .... .... #############
..... #...........#...>..
#..########.#......
##.#### ##...#### #. #.#.
#....####.9.!....# .##...
###...#..@######.. .....
##............... .... ##
#...........##### ... .#
#...........##### .. .#
#............
...########.
.########.........###
#......<... >#....#
##...###########≈.######.
>.....#
###.##≈≈........≈...# #.
##....#
#.##≈_.≈.≈.≈.≈....# ##


You could see a gargoyle.

Vanquished Creatures
  A hornet (D:4)
  Sigmund (D:2)
  3 yaks (D:6)
  Edmund (D:5)
  2 ice beasts
  A sky beast (D:6)
  A black bear (D:6)
  2 necrophages (D:7)
  An ogre (D:4)
  A phantom (D:7)
  3 scorpions
  A wight (D:4)
  2 centaur skeletons
  3 centaur zombies
  A human zombie (Ossuary)
  A jelly (D:6)
  2 orc priests (D:4)
  Jessica (D:2)
  A scorpion zombie (D:4)
  An iguana (D:5)
  5 orc wizards
  2 hound skeletons
  2 mummies (Ossuary)
  3 gnolls (D:6)
  2 adders
  A white imp (D:5)
  2 ufetubi (D:6)
  An adder zombie (D:5)
  An adder skeleton (D:4)
  5 worms
  2 dart slugs
  12 orcs
  7 endoplasms
  3 giant cockroaches
  2 gnoll zombies (Ossuary)
  9 goblins
  4 hobgoblins
  7 jackals
  6 quokkas
  3 ball pythons
  5 bats
  3 frilled lizards
  4 goblin zombies (Ossuary)
  A hobgoblin zombie (Ossuary)
  11 kobolds
  4 orc zombies (Ossuary)
  10 rats
147 creatures vanquished.

Notes
Turn   | Place    | Note
-------+----------+-------------------------------------------
     0 | D:1      | McKennaii the Demigod Conjurer began the quest for the Orb.
     0 | D:1      | Reached XP level 1. HP: 14/14 MP: 5/5
   366 | D:1      | Reached XP level 2. HP: 20/20 MP: 8/8
  1086 | D:2      | Noticed Sigmund
  1091 | D:2      | Learned a level 2 spell: Searing Ray
  1285 | D:2      | Found Opent's Weapon Shoppe.
  1302 | D:2      | Noticed Jessica
  1331 | D:1      | Reached XP level 3. HP: 17/26 MP: 3/10
  1436 | D:2      | Killed Jessica
  1867 | D:2      | Reached XP level 4. HP: 33/33 MP: 12/12
  2013 | D:2      | Reached XP level 5. HP: 26/38 MP: 12/15
  2504 | D:2      | Killed Sigmund
  2505 | D:2      | Reached skill level 5 in Spellcasting
  2505 | D:2      | Reached XP level 6. HP: 40/45 MP: 16/17
  2705 | D:3      | Learned a level 4 spell: Iskenderun's Mystic Blast
  3583 | D:4      | Reached skill level 4 in Conjurations
  3626 | D:4      | Found a sand-covered staircase.
  3631 | Ossuary  | Entered an ossuary
  3948 | Ossuary  | Reached skill level 5 in Conjurations
  3948 | Ossuary  | Reached XP level 7. HP: 43/50 MP: 18/19
  4098 | D:4      | Noticed a hornet
  4105 | D:4      | Killed a hornet
  4106 | D:4      | Reached skill level 6 in Conjurations
  4366 | D:4      | Found a staircase to the Ecumenical Temple.
  4445 | D:4      | Found a transporter.
  4546 | D:4      | Found a transporter.
  4684 | D:5      | Entered Level 5 of the Dungeon
  4704 | D:5      | Noticed a +0 dagger
  4705 | D:5      | Noticed a +0 dagger
  5157 | D:5      | Reached skill level 7 in Conjurations
  5216 | D:5      | Reached XP level 8. HP: 57/57 MP: 20/20
  5393 | D:5      | Noticed Edmund
  5401 | D:5      | Killed Edmund
  5402 | D:5      | Reached skill level 8 in Conjurations
  5815 | D:6      | Reached skill level 9 in Conjurations
  6362 | D:6      | Reached skill level 10 in Conjurations
  6529 | D:7      | Reached XP level 9. HP: 62/62 MP: 22/22
  6953 | D:7      | Noticed a gargoyle
  6962 | D:7      | HP: 1/62 [gargoyle/stone arrow (19)]
  6965 | D:7      | Gained mutation: You have large cloven feet. [potion of
                  | mutation]
  6965 | D:7      | Gained mutation: Your spells are a little easier to cast,
                  | but a little less powerful. [potion of mutation]
  6965 | D:7      | Gained mutation: Your mind is acute. (Int +2) [potion of
                  | mutation]
  6968 | D:7      | Killed from afar by a gargoyle

Illustrated notes

Levels and vault maps discovered:
D:1:      minmay_arrival_solitary_statue, layout_loops_cross,
          hellmonk_ecumenical_altar_arch_garden, minivault_5
D:2:      layout_loops_corners, serial_shops, nicolae_shop_crystal,
          minmay_mini_jars, uniq_jessica, uniq_sigmund
D:3:      layout_rooms, mainiacjoe_overflow_tiny_flanked, minivault_5,
          chequers_decorated_corner
D:4:      layout_rooms, gammafunk_temple_overflow_arena,
          nzn_wu_jian_contemplation, minmay_temple_entry_crystal_x,
          enter_ossuary_2, serial_glass, glass_columns_b, glass_columns_a,
          minmay_manual_monstrance
D:5:      layout_basic, dancing_weapons_uskayaw,
          eino_small_chamber_without_monster, uniq_edmund
D:6:      layout_cave_pools
D:7:      layout_rooms, mainiacjoe_overflow_chevrons, nicolae_ru_path_of_blood

Skill      XL: |  1  2  3  4  5  6  7  8 |
---------------+-------------------------+-----
Spellcasting   | 2 3 4 5 6 |  6.3
Conjurations   | 5 7 10 | 10.0
Dodging        | 2 |  2.8
Stealth        | |  1.7

Action                   |  1- 3 |  4- 6 |  7- 9 || total
-------------------------+-------+-------+-------++-------
 Cast: Magic Dart        |   108 |   155 |   112 ||   375
       Searing Ray       |     1 |     9 |    26 ||    36
       Iskenderun's Myst |       |       |    10 ||    10
  Use: Potion            |       |       |     4 ||     4
Armor: Robe              |     8 |    17 |     5 ||    30
Dodge: Dodged            |    16 |    20 |    15 ||    51
